 Seeded DCSS version 0.28.0-53-g5a82cb258f (webtiles) character file.

Game seed: 17428681369516740799 (custom seed)

100 cbfl8 the Chopper (level 4, -3/61 HPs)
             Began as a Hill Orc Monk on July 21, 2022.
             Slain by Grinder (5 damage)
             ... while paralysed by Grinder
             ... on level 3 of the Dungeon.
             The game lasted 00:02:33 (2510 turns).

cbfl8 the Chopper (Hill Orc Monk)                   Turns: 2510, Time: 00:02:34

Health: -3/61      AC: 22    Str: 15    XL:     4   Next: 73%
Magic:  4/4        EV:  2    Int: 10    God:
Gold:   100        SH:  0    Dex: 13    Spells: 3/3 levels left

rFire   . . .      SeeInvis .   a - +0 hand axe
rCold   + + .      Faith    .   (no shield)
rNeg    . . .      Spirit   .   (armour currently unavailable)
rPois   +          Reflect  .   (helmet currently unavailable)
rElec   +          Harm     .   (cloak currently unavailable)
rCorr   +          Rampage  .   (gloves currently unavailable)
Will    .....      NoTele   +   (boots currently unavailable)
Stlth   ++........              (no amulet)
HPRegen 0.20/turn               c - +4 ring of slaying
MPRegen 0.09/turn               d - ring of ice

@: paralysed, brilliant, tree-form, resistant
A: stationary, stasis, torment immunity, boosted hp
a: no special abilities


You were on level 3 of the Dungeon.
You were a tree.
You visited 1 branch of the dungeon, and saw 3 of its levels.

You collected 100 gold pieces.

Inventory:

Hand Weapons
 a - a +0 hand axe (weapon)
Armour
 b - a +0 robe
 i - a +0 pair of boots (melded)
 j - a +0 pair of gloves (melded)
 l - a +0 ring mail (melded)
Jewellery
 c - a +4 ring of slaying (left branch)
 d - a ring of ice (right branch)
Wands
 n - a wand of iceblast (8)
Scrolls
 e - 3 scrolls of teleportation {unknown}
 k - 2 scrolls of amnesia {unknown}
 m - 2 scrolls of magic mapping {unknown}
Potions
 f - a potion of brilliance


   Skills:
 + Level 4.4 Fighting
 + Level 5.2 Axes
 + Level 0.4 Armour
 + Level 3.0 Dodging
 + Level 2.1 Stealth


You had 3 spell levels left.
You didn't know any spells.
Your spell library contained the following spells:

 Spells                   Type           Power      Damage    Failure   Level
 Shock                    Conj/Air       0%         1d3       36%         1
 Swiftness                Air            0%         N/A       75%         3
 Airstrike                Air            0%         N/A       98%         4


Dungeon Overview and Level Annotations

Branches:
Dungeon (3/15)

Altars:
Vehumet

Annotations:
D:3 Grinder


Message History

Your +0 pair of gloves melds into your body.
Your +0 pair of boots melds into your body.
Your +0 ring mail melds into your body.
Your roots penetrate the ground.
Grinder says, "FISH!"
Grinder hits you but does no damage.
You closely miss Grinder.
Grinder is lightly wounded.
Grinder hits you but does no damage.
Unknown command.
You hit Grinder but do no damage.
Grinder is lightly wounded.
Grinder hits you but does no damage.
You closely miss Grinder.
Grinder is lightly wounded.
Grinder hits you.
* * * LOW HITPOINT WARNING * * *
You writhe in agony.
* * * LOW HITPOINT WARNING * * *
You hit Grinder.
Grinder is lightly wounded.
Grinder hits you but does no damage.
You hit Grinder but do no damage.
Grinder is lightly wounded.
Grinder hits you but does no damage.
You hit Grinder but do no damage.
Grinder is lightly wounded.
Grinder hits you.
* * * LOW HITPOINT WARNING * * *
You hit Grinder.
Grinder is lightly wounded.
Grinder gestures at you.
You suddenly lose the ability to move!
Grinder hits you!
* * * LOW HITPOINT WARNING * * *
Grinder hits you.
* * * LOW HITPOINT WARNING * * *
Grinder hits you.
* * * LOW HITPOINT WARNING * * *
You writhe in agony.
You die...

.......
#.....###
##.......#
#........# ##
#........#####
#.
#............
#. #.....#..#
.. #.
#..5♣†..# ..
#. #.......#
#.##.
#.....#.##
#....
#........##
###..
###.##.#..#
#.# #. #.##.##
#.. #.
#..#..## ###
#. #......##
#.......#####


You could see Grinder.

Vanquished Creatures
  Ijyb (D:3)
  A gnoll (D:1)
  An adder (D:2)
  A dart slug (D:1)
  An orc (D:3)
  2 bats
  3 endoplasms
  6 giant cockroaches
  4 goblins
  9 hobgoblins
  2 jackals (D:2)
  6 kobolds
  3 ball pythons
  A frilled lizard (D:2)
  7 rats
48 creatures vanquished.

Notes
Turn   | Place    | Note
-------+----------+-------------------------------------------
     0 | D:1      | cbfl8 the Hill Orc Monk began the quest for the Orb.
     0 | D:1      | Reached XP level 1. HP: 19/19 MP: 1/1
   196 | D:1      | Reached XP level 2. HP: 27/27 MP: 2/2
   244 | D:1      | Found a faded altar of an unknown god.
   787 | D:1      | Reached XP level 3. HP: 21/33 MP: 3/3
  1818 | D:2      | Found a radiant altar of Vehumet.
  2022 | D:2      | Reached XP level 4. HP: 39/40 MP: 4/4
  2191 | D:3      | Reached skill level 5 in Axes
  2373 | D:3      | Noticed Ijyb
  2389 | D:3      | Killed Ijyb
  2482 | D:3      | Noticed Grinder
  2492 | D:3      | Paralysed by Grinder for 2 turns
  2507 | D:3      | Paralysed by Grinder for 7 turns
  2510 | D:3      | HP: 2/61 [Grinder (2)]
  2510 | D:3      | Slain by Grinder

Illustrated notes

Levels and vault maps discovered:
D:1:      dpeg_arrival_radiant, layout_basic, shapermc_ecumenical_altar_gd,
          minmay_misc_feat_rugged, minmay_misc_feat_doors
D:2:      layout_basic, basic_altar
D:3:      layout_rooms, uniq_grinder, uniq_ijyb

Skill      XL: |  1  2  3  4 |
---------------+-------------+-----
Fighting       | 4 |  4.4
Axes           | 5 |  5.2
Dodging        | 3 |  3.0
Stealth        | 2 |  2.1
Armour         | |  0.4

Action                   |  1- 3 |  4- 6 || total
-------------------------+-------+-------++-------
Melee: Hand axe          |    88 |    48 ||   136
       Punch             |     5 |     3 ||     8
  Use: Potion            |       |     4 ||     4
 Stab: Sleeping          |     2 |     1 ||     3
Armor: Robe              |    21 |       ||    21
       Ring mail         |     6 |     6 ||    12
       Skin              |       |     5 ||     5
Dodge: Dodged            |    50 |    25 ||    75
